 Dungeon Crawl Stone Soup version 0.28-a0-8-g6e044cfa68 (webtiles) character file.

Game seed: 17172453647807364066

2156 pob the Thaumaturge (level 9, -5/64 HPs)
             Began as a Djinni Fire Elementalist on July 23, 2021.
             Was an Elder of Jiyva.
             Slain by a vampire mosquito (10 damage)
             ... on level 7 of the Dungeon on July 24, 2021.
             The game lasted 00:35:02 (6245 turns).

pob the Thaumaturge (Djinni Fire Elementalist)      Turns: 6245, Time: 00:35:03

Health: -5/64      AC:  5    Str:  8    XL:     9   Next: 57%
Gold:   91         EV: 14    Int: 16    God:    Jiyva [****..] SH:  0 Dex: 17

rFire   + + +      SeeInvis .   d - +3 rapier (venom)
rCold   x x .      Faith    .   (no shield)
rNeg    . . .      Spirit   .   f - +0 steam dragon scales
rPois   ∞          Reflect  .   (no helmet)
rElec   +          Harm     .   (no cloak)
rCorr   +          Rampage  .   (no gloves)
Will    .....                   (boots unavailable)
Stlth   +++.......              (no amulet)
HPRegen 0.20/turn               c - ring of fire
MPRegen 0.00/turn               (no ring)

@: flying
A: sickness immunity, fire resistance 2, cold vulnerability 1, float, innate
caster, hp casting, extra vitality 1, robust 1, electricity resistance
a: Renounce Religion, Request Jelly, Slimify


You were on level 7 of the Dungeon.
You worshipped Jiyva.
Jiyva was greatly pleased with you.
You visited 2 branches of the dungeon, and saw 8 of its levels.

You collected 91 gold pieces.

Inventory:

Hand Weapons
 d - a +3 rapier of venom (weapon)
Armour
 a - a +1 robe
 f - +0 steam dragon scales (worn)
Jewellery
 c - a ring of fire (left hand)
Potions
 b - a potion of attraction
 e - 2 potions of curing {unknown}


   Skills:
 + Level 2.6 Fighting
 + Level 0.7 Short Blades
 + Level 4.9 Dodging
 + Level 4.3 Stealth
 + Level 8.0 Spellcasting


You couldn't memorise any spells.
You knew the following spells:

 Your Spells              Type           Power      Damage    Failure   Level
a - Foxfire               Conj/Fire      100%       2x1d9     1%          1
b - Conjure Flame         Conj/Fire      48%        6-21      1%          3
c - Inner Flame           Hex/Fire       48%        N/A       1%          3
d - Sticky Flame          Conj/Fire      48%        2d7       4%          4
e - Fireball              Conj/Fire      24%        3d11      12%         5
f - Shock                 Conj/Air       100%       1d9       1%          1
g - Slow                  Hex            32%        N/A       1%          2
h - Confusing Touch       Hex            32%        N/A       1%          3
i - Summon Ice Beast      Ice/Summ       32%        N/A       4%          4
Your spell library was empty.

Dungeon Overview and Level Annotations

Branches:
Dungeon (7/15)             Temple (1/1) D:6

Altars:
Cheibriados
Elyvilon
Kikubaaqudgha
Ru
Uskayaw
Wu Jian
Xom
Yredelemnul
The Shining One
Jiyva


Innate Abilities, Weirdness & Mutations

You are immune to sickness and miasma.
You are immune to poison.
Your flesh is very heat resistant. (rF++)
You are vulnerable to cold. (rC-)
You float through the air rather than walking.
You learn spells naturally, not from books.
Your magical power is your life essence.
You have superior vitality. (+4 HP)
You are robust. (+10% HP)
You are resistant to electric shocks. (rElec)


Message History

You feel a surge of power!
You conjure some foxfire!
The vampire mosquito bites you! The vampire mosquito misses you.
The vampire mosquito bites you!
The vampire mosquito closely misses you.
The foxfire hits the vampire mosquito.
The vampire mosquito is almost destroyed.
The foxfire hits the vampire mosquito but does no damage.
The vampire mosquito is almost destroyed.
The vampire mosquito closely misses you.
You are too injured to fight recklessly!
The vampire mosquito misses you.
The vampire mosquito closely misses you.
The vampire mosquito bites you.
You are too injured to fight recklessly!
Casting: Foxfire (safe; 1% risk of failure)
Confirm with . or Enter, or press ? or * to list all spells.
You feel a surge of power!
You conjure some foxfire!
The vampire mosquito bites you!
* * * LOW HITPOINT WARNING * * *
The vampire mosquito barely misses you. x2
A wight comes into view. It is wielding a +4 mace.
The foxfire hits the vampire mosquito!
The vampire mosquito is moderately damaged.
The foxfire hits the vampire mosquito.
You destroy the vampire mosquito!
The vampire mosquito bites you!
* * * LOW HITPOINT WARNING * * *
Your Spellcasting skill increases to level 8!
Casting: Foxfire (safe; 1% risk of failure)
Confirm with . or Enter, or press ? or * to list all spells.
Aiming: Slow (safe; 1% risk of failure)
Press: ? - help, Shift-Dir - straight line, f - vampire mosquito
Aim: a vampire mosquito (moderately damaged, chance to affect: 71%)
The vampire mosquito struggles to resist.
* * * LOW HITPOINT WARNING * * *
The vampire mosquito bites you but does no damage.
The vampire mosquito closely misses you.
A wight comes into view.
It is wielding a +5 dire flail of freezing.
The vampire mosquito bites you!
You die...

##.## ##### #.# #.#
##.## #.# #...# ##.##
###.P.###...## #
#.#...#......#
#.#.##.##.)....#
#.#.#..##..#.#.######
#...........y@.....zz
###.#####.†#.#.######
#.# #..#.#.#
#.#####..#.#>#
#............#
##########.### #.#
#.# ..


You could see a vampire mosquito and 2 wights.

Vanquished Creatures
  Pikel (D:5)
  A deep elf pyromancer (D:6)
  Prince Ribbit (D:5)
  Sigmund (D:4)
  Eustachio (D:4)
  A steam dragon (D:6)
  A vampire mosquito (D:7)
  A water moccasin (D:5)
  An ogre (D:4)
  3 lemures (D:5)
  3 scorpions
  A water moccasin skeleton (D:6)
  A bullfrog zombie (D:6)
  A centaur zombie (D:6)
  An orc priest (D:6)
  A bullfrog skeleton (D:5)
  A centaur skeleton (D:7)
  Ijyb (D:5)
  An orc wizard (D:6)
  A hound zombie (D:4)
  9 adders
  A shadow imp (D:6)
  2 worms
  3 dart slugs
  8 orcs
  8 ball pythons
  A bat zombie (D:6)
  2 endoplasms (D:1)
  3 giant cockroaches
  7 goblins
  4 hobgoblins
  2 jackals (D:3)
  5 kobolds
  4 quokkas
  3 bats
  A rat (D:1)
87 creatures vanquished.

Vanquished Creatures (others)
  2 sky beasts
  A necrophage (D:6)
  An ogre (D:6)
  A phantom (D:5)
  3 vampire bats (D:6)
  A centaur zombie (D:5)
  A hound (D:5)
  8 jellies
  A hound skeleton (D:4)
  Robin (D:4)
  2 adders
  A white imp (D:6)
  2 dart slugs
  5 endoplasms
  8 orcs (D:6)
  2 bat skeletons (D:6)
  A bat zombie (D:6)
  2 giant cockroaches (D:4)
  9 goblins
  6 hobgoblins
  A jackal (D:3)
  A quokka (D:5)
  2 ball pythons
  2 bats (D:2)
  2 frilled lizards
  4 kobolds
  351 foxfires
  4 fungi (D:5)
  11 plants (D:5)
436 creatures vanquished.

Grand Total: 523 creatures vanquished

Notes
Turn   | Place    | Note
-------+----------+-------------------------------------------
     0 | D:1      | pob the Djinni Fire Elementalist began the quest for the
                  | Orb.
     0 | D:1      | Reached XP level 1. HP: 15/15 MP: 0/0
   242 | D:1      | Reached XP level 2. HP: 18/21 MP: 0/0
   420 | D:1      | Found a faded altar of an unknown god.
   469 | D:1      | Became a worshipper of Jiyva Jiafycvo the Shapeless
   469 | D:1      | Reached * piety under Jiyva
   561 | D:1      | Reached skill level 3 in Spellcasting
   804 | D:2      | Reached XP level 3. HP: 23/25 MP: 0/0
   804 | D:2      | Learned a level 1 spell: Shock
   833 | D:2      | Reached ** piety under Jiyva
   850 | D:2      | Reached XP level 4. HP: 22/31 MP: 0/0
   992 | D:2      | Found a snail-covered altar of Cheibriados.
  1673 | D:3      | Reached XP level 5. HP: 32/35 MP: 0/0
  1673 | D:3      | Learned a level 2 spell: Slow
  1755 | D:4      | Noticed Sigmund
  1766 | D:4      | Killed Sigmund
  1767 | D:4      | Reached skill level 4 in Spellcasting
  1767 | D:4      | Reached XP level 6. HP: 25/41 MP: 0/0
  1769 | D:4      | Noticed an ogre
  1775 | D:4      | Killed an ogre
  1797 | D:4      | Killed Robin
  1950 | D:4      | Found a basalt altar of Yredelemnul.
  2062 | D:4      | Reached XP level 7. HP: 35/46 MP: 0/0
  2062 | D:4      | Learned a level 3 spell: Confusing Touch
  2168 | D:4      | Noticed Eustachio
  2175 | D:4      | Reached skill level 1 in Fighting
  2175 | D:4      | Reached skill level 5 in Spellcasting
  2237 | D:4      | Killed Eustachio
  2304 | D:4      | Found a shimmering altar of Xom.
  2612 | D:4      | Reached *** piety under Jiyva
  2883 | D:4      | Gained mutation: You are robust. (+10% HP) [Jiyva's grace]
  3121 | D:5      | Entered Level 5 of the Dungeon
  3160 | D:5      | Noticed Prince Ribbit
  3169 | D:5      | Killed Prince Ribbit
  3170 | D:5      | Reached XP level 8. HP: 53/57 MP: 0/0
  3553 | D:4      | Reached skill level 6 in Spellcasting
  4034 | D:5      | Noticed Ijyb
  4042 | D:5      | Killed Ijyb
  4432 | D:5      | Noticed Pikel
  4464 | D:5      | Killed Pikel
  4465 | D:5      | Reached skill level 7 in Spellcasting
  4465 | D:5      | Reached XP level 9. HP: 33/63 MP: 0/0
  4465 | D:5      | Learned a level 4 spell: Summon Ice Beast
  4725 | D:5      | Found a sacrificial altar of Ru.
  5500 | D:6      | Found a staircase to the Ecumenical Temple.
  5525 | D:6      | Reached **** piety under Jiyva
  5530 | Temple   | Entered the Ecumenical Temple
  5628 | D:6      | Gained mutation: You are resistant to electric shocks.
                  | (rElec) [Jiyva's grace]
  5878 | D:6      | Noticed a deep elf pyromancer
  5893 | D:6      | Killed a deep elf pyromancer
  6199 | D:7      | Found a white marble altar of Elyvilon.
  6244 | D:7      | Reached skill level 8 in Spellcasting
  6245 | D:7      | Slain by a vampire mosquito

Illustrated notes

Levels and vault maps discovered:
D:1:      minmay_arrival_four_houses, layout_basic,
          hellmonk_ecumenical_altar_blasted
D:2:      layout_rooms, basic_altar, minmay_increasing_density
D:3:      layout_loops_cross, mainiacjoe_overflow_surrounded_room
D:4:      minmay_wonky_spiral, layout_basic,
          mainiacjoe_overflow_six_doors_small, nicolae_overflow_hidden_temple,
          uniq_sigmund, uniq_robin, uniq_eustachio
D:5:      layout_loops_ring, nicolae_ru_the_path_less_chosen,
          gup_sewer_entry_spiral, uniq_ijyb, uniq_pikel, uniq_prince_ribbit1
D:6:      layout_basic, kennysheep_vampire_church, minmay_temple_entry_ruins,
          guppyfry_early_elven_hall
D:7:      layout_loops_corners, elyvilon_altar_1,
          chequers_serial_rivers_small_3, st_stairs_8, nicolae_shop_firing_range
Temple:   jpeg_temple_clearing

Skill      XL: |  1  2  3  4  5  6  7  8  9 |
---------------+----------------------------+-----
Spellcasting   | 3 4 5 7 8 |  8.0
Stealth        | 2 3 4 |  4.3
Dodging        | 3 4 |  4.9
Fighting       | 1 2 |  2.6
Short Blades   | |  0.7

Action                   |  1- 3 |  4- 6 |  7- 9 || total
-------------------------+-------+-------+-------++-------
Melee: Dagger            |     5 |       |       ||     5
       Rapier            |       |       |     3 ||     3
 Cast: Foxfire           |    28 |    56 |   143 ||   227
       Shock             |     2 |       |     8 ||    10
       Slow              |       |     1 |     4 ||     5
       Summon Ice Beast  |       |       |     1 ||     1
  Use: Scroll            |     1 |     4 |     1 ||     6
Armor: Robe              |     4 |     3 |    13 ||    20
       Steam dragon scal |       |       |     2 ||     2
Dodge: Dodged            |    15 |    12 |    42 ||    69

Table legend: (Time is in decaauts)
 A = Elapsed time spent in this place.
 B = Non-inter-level travel time spent in this place.
 C = Inter-level travel time spent in this place.
 D = Time resting spent in this place.
 E = Time spent auto-exploring this place.
 F = Levels seen in this place.
 G = Mean time per level.
                   A        B        C        D        E       F      G
               +--------+--------+--------+--------+--------+-----+--------+
         Total |   6245 |   6245 |      0 |   2392 |   1530 |   8 |  780.6 |
       Dungeon |   6199 |   6199 |      0 |   2392 |   1530 |   7 |  885.6 |
        Temple |     46 |     46 |      0 |      0 |      0 |   1 |   46.0 |
               +--------+--------+--------+--------+--------+-----+--------+

Top non-repeatable levels by time:
     D:4: 1973 daAuts
     D:5: 1540 daAuts
     D:6: 836 daAuts
     D:1: 797 daAuts
     D:2: 522 daAuts
     D:3: 433 daAuts
     D:7: 94 daAuts
  Temple: 46 daAuts
